 Dungeon Crawl Stone Soup version 0.30-a0-371-gad7725a93e (webtiles) character file.

Game seed: 5907882979510487367

68283 garrulousMonolith the Bludgeoner (level 15, -5/97 HPs)
             Began as a Gargoyle Fighter on Nov 22, 2022.
             Was the Champion of Okawaru.
             Killed by divine providence
             ... invoked by a meliai
              (15 damage)
             ... on level 14 of the Dungeon.
             The game lasted 00:35:16 (17881 turns).

garrulousMonolith the Bludgeoner (GrFi)            Turns: 17881, Time: 00:35:17

Health: -5/97      AC: 42    Str: 37    XL:     15   Next: 26%
Magic:  21/22      EV: 15    Int: 15    God:    Okawaru [******]
Gold:   1259       SH: 15    Dex: 13    Spells: 14/14 levels left

rFire   + . .      SeeInvis .    F - +0 demon whip (venom)
rCold   + . .      Faith    .    t - +2 buckler of Perfidy {Will+++ Regen+ Str+4 Stlth-}
rNeg    + + .      Spirit   .    S - +8 ring mail of Autumn {rN+}
rPois   ∞          Reflect  +    s - +2 helmet {Int+3}
rElec   +          Harm     .    V - scarf {rC+ rF+}
rCorr   +          Rampage  .    k - +2 pair of gloves {Str+3}
Will    ++++.                    h - +1 pair of boots of Faerpha {rElec rCorr}
Stlth   +.........               W - amulet of reflection
HPRegen 1.16/turn                u - ring of Erenew {AC+4 Str+4}
MPRegen 0.18/turn                O - +6 ring of strength

@: heroic, flying, hasted, invisible, very quick
A: sickness immunity, AC +11, big wings, negative energy resistance 1,
electricity resistance, torment resistance 1, petrification resistance
a: Renounce Religion, Heroism, Finesse, Duel


You were on level 14 of the Dungeon.
You worshipped Okawaru.
Okawaru was exalted by your worship.
You visited 3 branches of the dungeon, and saw 20 of its levels.
You also visited: Bailey and Gauntlet.

You collected 2016 gold pieces.
You spent 757 gold pieces at shops.

Inventory:

Hand Weapons
 c - the +11 trident "Newtslayer" {speed, Contam rElec Str+8 Stlth+}
   (You took it off an orc on level 10 of the Dungeon)

   Attacks with this weapon are significantly faster.
   Str:       It affects your strength (+8).
   rElec:     It insulates you from electricity.
   Contam:    It causes magical contamination when unequipped.
   Stlth:     It makes you more stealthy.
 d - a +5 whip of electrocution
 F - a +0 demon whip of venom (weapon)
 H - a +2 broad axe of freezing
 N - the +9 staff of Wucad Mu {*channel}
   (You took it off a goblin in a bailey)

   It occasionally powers its wielder's spells, but with a chance of causing
   confusion or draining the wielder's intelligence.
   It becomes more likely to activate and less likely to backfire with increased
   Evocations skill.
Missiles
 b - 3 throwing nets
 z - 32 boomerangs
 E - 21 poisoned darts (quivered)
Armour
 h - the +1 pair of boots of Faerpha (worn) {rElec rCorr}
   (You found it in a Gauntlet)

   rElec:     It insulates you from electricity.
   rCorr:     It protects you from acid and corrosion.
 k - a +2 pair of gloves of strength (worn)
 s - a +2 helmet of intelligence (worn)
 t - the +2 buckler of Perfidy (worn) {Will+++ Regen+ Str+4 Stlth-}
   (You found it on level 4 of the Dungeon)

   Str:       It affects your strength (+4).
   Regen:     It increases your rate of health regeneration.
   Will:      It greatly increases your willpower.
   Stlth:     It makes you less stealthy.
 S - the +8 ring mail of Autumn (worn) {rN+}
   (You took it off an orc on level 7 of the Dungeon)

   rN:        It protects you from negative energy.
 T - a +3 chain mail of fire resistance
 V - a scarf of resistance (worn)
 Z - a +0 kite shield
Jewellery
 u - the ring of Erenew (left hand) {AC+4 Str+4}
   (You found it in a Gauntlet)

   [ring of protection]

   AC:        It affects your AC (+4).
   Str:       It affects your strength (+4).
 y - a +4 ring of evasion
 C - a ring of willpower
 O - a +6 ring of strength (right hand)
 P - a ring of see invisible
 R - a +6 ring of intelligence
 W - an amulet of reflection (around neck)
 Y - a ring of protection from fire
Wands
 a - a wand of paralysis (21)
 e - a wand of light (2)
 G - a wand of roots (18)
 I - a wand of flame (54)
 M - a wand of polymorph (8)
 X - a wand of digging (4)
Scrolls
 l - 2 scrolls of magic mapping
 n - a scroll of amnesia
 o - 7 scrolls of teleportation
 p - 3 scrolls of immolation
 q - 3 scrolls of enchant armour
 r - a scroll of blinking
 w - a scroll of silence
 J - 3 scrolls of fear
 L - 4 scrolls of identify
 U - a scroll of poison
Potions
 f - 3 potions of ambrosia
 i - 5 potions of cancellation
 m - 2 potions of magic
 v - a potion of invisibility
 x - 5 potions of curing
 A - a potion of resistance
 D - 3 potions of haste
 K - a potion of might
 Q - 5 potions of mutation
Miscellaneous
 j - a lightning rod (4/4)


   Skills:
 + Level 12.6(17.6) Fighting
 * Level 15.6(20.6) Maces & Flails
 + Level 12.5(17.5) Armour
 - Level 5.0(10.0) Dodging
 + Level 12.5(17.5) Shields
 - Level 10.0 Invocations


You had 14 spell levels left.
You didn't know any spells.
Your spell library contained the following spells:

 Spells                   Type           Power      Damage    Failure   Level
 Freeze                   Ice            0%         1d3       34%         1
 Magic Dart               Conj           0%         1d3       34%         1
 Sting                    Tmut/Pois      0%         1d3       34%         1
 Blink                    Tloc           0%         N/A       47%         2
 Ensorcelled Hibernation  Hex/Ice        0%         N/A       47%         2
 Poisonous Vapours        Pois/Air       0%         N/A       47%         2
 Frozen Ramparts          Ice            0%         1d1       71%         3
 Hailstorm                Conj/Ice       0%         3d3       71%         3
 Mephitic Cloud           Conj/Pois/Air  0%         N/A       71%         3
 Ozocubu's Armour         Ice            0%         N/A       71%         3
 Portal Projectile        Hex/Tloc       0%         N/A       71%         3
 Ice Form                 Ice/Tmut       0%         N/A       98%         4
 Leda's Liquefaction      Hex/Erth       0%         N/A       98%         4
 Manifold Assault         Tloc           0%         N/A       98%         4
 Olgreb's Toxic Radiance  Pois           0%         N/A       98%         4
 Passage of Golubria      Tloc           0%         N/A       98%         4
 Blade Hands              Tmut           0%         N/A       100%        5
 Metabolic Englaciation   Hex/Ice        0%         N/A       100%        5
 Silence                  Hex/Air        0%         N/A       100%        5
 Eringya's Noxious Bog    Tmut/Pois      0%         N/A       100%        6
 Ozocubu's Refrigeration  Ice            0%         4d7       100%        7
 Storm Form               Tmut/Air       0%         N/A       100%        7
 Lehudib's Crystal Spear  Conj/Erth      0%         10d2      100%        8
 Call Imp                 Summ           Unusable   N/A       N/A         2
 Call Canine Familiar     Summ           Unusable   N/A       N/A         3
 Summon Guardian Golem    Hex/Summ       Unusable   N/A       N/A         3
 Tukima's Dance           Hex            Unusable   N/A       N/A         3
 Summon Ice Beast         Ice/Summ       Unusable   N/A       N/A         4
 Summon Forest            Summ/Tloc      Unusable   N/A       N/A         5
 Simulacrum               Ice/Necr       Unusable   N/A       N/A         6
 Summon Hydra             Summ           Unusable   N/A       N/A         7

Dungeon Overview and Level Annotations

Branches:
Dungeon (14/15)            Temple (1/1) D:5            Lair (5/5) D:8
  Swamp (0/4) Lair:3       Spider (0/4) Lair:3        Slime (0/5) Lair:4
    Orc (0/2) D:10         Bailey (visited)         Gauntlet (visited)
 Vaults: D:13-14

Altars:
Ashenzari
Cheibriados
Dithmenos
Elyvilon
Fedhas
Gozag
Hepliaklqana
Kikubaaqudgha
Makhleb
Nemelex Xobeh
Okawaru
Qazlal
Ru
Sif Muna
Trog
Uskayaw
Vehumet
Wu Jian
Xom
Yredelemnul
Zin
The Shining One
Jiyva
Lugonu

Shops:
D:10 [   D:14 !

Portals:
Abyss: Lair:5


Innate Abilities, Weirdness & Mutations

You are immune to sickness and miasma.
Your stone body is resilient. (AC +11)
You are immune to poison.
Your large and strong wings let you fly.
You resist negative energy. (rN+)
You are resistant to electric shocks. (rElec)
You are resistant to unholy torment.
You are immune to petrification.


Message History

Something smites you! You block the meliai's attack.
The meliai stings you but does no damage.
The meliai calls down the wrath of its god upon you.
Something smites you! You block the meliai's attack.
The meliai stings you but does no damage.
Blink to where?
Press: ? - help, Dir - move target
As you read the scroll of blinking, it crumbles to dust.
You feel yourself speed up.
The meliai mumbles some strange prayers to its god against you.
Something smites you!
* * * LOW HITPOINT WARNING * * *
The meliai invokes the aid of its god against you.
Something smites you!
* * * LOW HITPOINT WARNING * * *
As you read the scroll of fog, it crumbles to dust.
The scroll dissolves into smoke.
You feel better.
The meliai calls down the wrath of its god upon you.
Something smites you!
* * * LOW HITPOINT WARNING * * *
You hit the meliai but do no damage. You block the meliai's attack.
The meliai stings you but does no damage.
You whack the meliai!
The meliai is poisoned.
The meliai is heavily wounded.
You block the meliai's attack. The meliai stings you.
* * * LOW HITPOINT WARNING * * *
Okay, then.
You fade into invisibility!
The meliai calls down the wrath of its god upon you.
Something smites you!
* * * LOW HITPOINT WARNING * * *
You whack the meliai!
The meliai looks as sick as possible!
The meliai is almost dead.
You kill the meliai!
Okawaru accepts your kill.
You feel better.
The meliai mumbles some strange prayers to its god against you.
Something smites you!
You die...

##[## .# ##...## .#
##.....## .#
##.......# .#
##....#.... .#
#⌠...###... ##§#
##....#.^.. #§§#
##.......# #@#
##.....## #y# ##...##
### #y# ##.## .. ##
#§# ##'# # .... #y#
#..# #. .#. #.# #.##
.. .. #.##########.#
#.#.#. #y....!......#
#.....###.§###########


You could see 2 meliai.

Vanquished Creatures
  Jorgrun (D:13)
  Gastronok (Lair:2)
  A minotaur (Gauntlet)
  4 hydras
  Harold (D:10)
  2 centaur warriors (D:13)
  2 two-headed ogres
  7 boulder beetles
  2 thrashing horrors (Lair:5)
  A vampire mage (D:14)
  Urug (Lair:4)
  Amaemon (Lair:3)
  2 sixfirhies (Gauntlet)
  A bog body (Lair:3)
  2 large abominations (Lair:5)
  A wolf spider (Lair:3)
  7 ugly things
  A manticore (D:11)
  A salamander (shapeshifter) (Lair:5)
  4 cyclopes
  14 elephants
  9 cane toads
  A black mamba (Lair:3)
  An orange demon (Lair:3)
  A torpor snail (Gauntlet)
  Maggie (Lair:1)
  A rime drake (Lair:2)
  2 kobold demonologists (D:12)
  13 komodo dragons
  6 unseen horrors
  2 ancient zymes (Lair:5)
  3 trolls
  A meliai (D:14)
  3 polar bears
  Prince Ribbit (D:6)
  14 blink frogs
  4 slime creatures
  2 jumping spiders (Lair:3)
  2 wyverns
  A culicivora (Lair:3)
  2 spriggans (Lair:5)
  2 water elementals (D:13)
  5 shadows
  57 yaks
  4 fire bats (D:10)
  2 ynoxinuls (Lair:5)
  8 small abominations (Lair:5)
  6 vampire mosquitoes (D:12)
  6 basilisks
  2 steam dragons
  Grum (D:10)
  3 chaos spawn (Lair:5)
  Edmund (D:6)
  Duvessa (D:4)
  An acid dragon (D:11)
  A hell hound (D:10)
  15 water moccasins
  9 orc warriors
  6 black bears
  2 ice beasts
  2 ogres (D:5)
  19 wolves
  11 centaurs
  The ghost of BlueFish the Grasshopper, an amateur OpWr (D:3)
  3 kobold brigands
  A necrophage (D:7)
  13 bullfrogs
  2 gnoll sergeants
  17 wights
  Dowan (D:4)
  15 killer bees
  9 electric eels
  A howler monkey (D:12)
  2 lava snakes (D:10)
  A crimson imp (D:7)
  6 hounds
  8 orc priests
  5 jellies
  8 orc wizards
  An iguana (D:7)
  Terence (D:3)
  11 gnolls
  8 adders
  2 shadow imps (D:5)
  2 white imps (D:7)
  An ufetubus (D:7)
  6 worms
  13 dart slugs
  48 orcs
  3 ball pythons (D:1)
  10 endoplasms
  12 hobgoblins
  4 jackals (D:1)
  34 kobolds
  5 quokkas
  5 bats
  13 goblins
  6 rats
  A fire vortex (D:10)
570 creatures vanquished.

Vanquished Creatures (others)
  14 demonic plants (Gauntlet)
  2 fire vortices (D:10)
  81 fungi
  49 plants
146 creatures vanquished.

Grand Total: 716 creatures vanquished

Notes
Turn   | Place    | Note
-------+----------+-------------------------------------------
     0 | D:1      | garrulousMonolith the Gargoyle Fighter began the quest for
                  | the Orb.
     0 | D:1      | Reached XP level 1. HP: 14/14 MP: 1/1
   104 | D:1      | Reached XP level 2. HP: 19/19 MP: 2/2
   293 | D:1      | Reached XP level 3. HP: 23/23 MP: 3/3
   860 | D:2      | Reached skill level 1 in Invocations
   872 | D:2      | Identified the +0 leather armour of Valiance {rF++}
  1149 | D:2      | Reached XP level 4. HP: 28/28 MP: 4/4
  1460 | D:2      | Reached skill level 1 in Dodging
  1829 | D:3      | Found a sacrificial altar of Ru.
  1832 | D:3      | Noticed Terence
  1839 | D:3      | Killed Terence
  1840 | D:3      | Reached skill level 3 in Maces & Flails
  2034 | D:3      | Reached XP level 5. HP: 33/33 MP: 6/6
  2245 | D:3      | Found a runed translucent door.
  2246 | D:3      | Noticed BlueFish's ghost (amateur OpWr)
  2266 | D:3      | Killed BlueFish's ghost
  2267 | D:3      | Reached XP level 6. HP: 34/38 MP: 7/7
  2308 | D:3      | Identified the ring "Caocreg" {Fly rElec rF- rCorr MP-9}
  2594 | D:4      | Found a hazy altar of Hepliaklqana.
  2617 | D:4      | Reached skill level 4 in Maces & Flails
  2716 | D:4      | Identified the +2 buckler of Perfidy {Will+++ Regen+ Str+4
                  | Stlth-}
  2803 | D:4      | Noticed Dowan
  2804 | D:4      | Noticed Duvessa
  2821 | D:4      | Killed Duvessa
  2822 | D:4      | Reached XP level 7. HP: 43/44 MP: 8/8
  2828 | D:4      | Killed Dowan
  3067 | D:4      | Found an ancient bone altar of Kikubaaqudgha.
  3399 | D:5      | Entered Level 5 of the Dungeon
  3636 | D:5      | Found a shadowy altar of Dithmenos.
  3654 | D:5      | Reached skill level 5 in Maces & Flails
  3772 | D:5      | Reached XP level 8. HP: 48/48 MP: 10/10
  3839 | D:5      | Reached skill level 5 in Fighting
  3839 | D:5      | Reached skill level 5 in Armour
  3963 | D:5      | Reached skill level 5 in Shields
  4274 | D:5      | Found a staircase to the Ecumenical Temple.
  4280 | Temple   | Entered the Ecumenical Temple
  4301 | Temple   | Became a worshipper of Warmaster Okawaru
  4511 | D:6      | Noticed Edmund
  4600 | D:6      | Reached skill level 6 in Maces & Flails
  4636 | D:6      | Found a snail-covered altar of Cheibriados.
  4712 | D:6      | Reached XP level 9. HP: 42/54 MP: 12/12
  4761 | D:6      | Reached * piety under Okawaru
  4873 | D:6      | Got the Reference Book on Spellbinding
  5205 | D:6      | Noticed Prince Ribbit
  5226 | D:6      | Killed Edmund
  5231 | D:6      | Killed Prince Ribbit
  5442 | D:7      | Reached skill level 7 in Maces & Flails
  5442 | D:7      | Reached skill level 5 in Invocations
  5469 | D:7      | Found a flagged portal.
  5490 | Bailey   | Entered a bailey
  5697 | Bailey   | Reached ** piety under Okawaru
  5956 | D:7      | Reached XP level 10. HP: 48/61 MP: 11/14
  6186 | D:7      | Found a broken altar of Ashenzari.
  6186 | D:7      | Found an ornate altar of the Wu Jian Council.
  6187 | D:7      | Found a white marble altar of Elyvilon.
  6321 | D:7      | Found a burning altar of Makhleb.
  6658 | D:7      | Reached *** piety under Okawaru
  6671 | D:7      | Identified the +8 ring mail of Autumn {rN+}
  6790 | D:7      | Found a shimmering blue altar of Sif Muna.
  6873 | D:7      | Reached skill level 8 in Maces & Flails
  7318 | D:8      | Reached **** piety under Okawaru
  7343 | D:8      | Reached skill level 5 in Dodging
  7358 | D:8      | Reached skill level 9 in Maces & Flails
  7370 | D:8      | Reached XP level 11. HP: 62/67 MP: 15/15
  7380 | D:8      | Found a staircase to the Lair.
  7554 | D:8      | You fall into a shaft and drop 3 floors!
  7586 | D:11     | Noticed a boulder beetle
  7589 | D:11     | Noticed a manticore
  7611 | D:11     | Killed a boulder beetle
  7623 | D:11     | Killed a manticore
  7724 | D:10     | Entered Level 10 of the Dungeon
  7759 | D:10     | Noticed a two-headed ogre
  7762 | D:10     | Noticed Harold
  7827 | D:10     | Noticed Grum
  7848 | D:10     | Killed Grum
  8074 | D:9      | Reached ***** piety under Okawaru
  8159 | D:9      | Reached skill level 10 in Maces & Flails
  9177 | D:10     | Found Qymajash's Antique Armour Shoppe.
  9269 | D:10     | Bought a pair of runed gloves for 217 gold pieces
  9269 | D:10     | Bought a glowing helmet for 217 gold pieces
  9505 | D:10     | Killed Harold
  9731 | D:10     | Reached XP level 12. HP: 75/75 MP: 15/17
  9739 | D:10     | Received a gift from Okawaru
  9765 | D:10     | Identified the +11 trident "Newtslayer" {speed, Contam
                  | rElec Str+8 Stlth+}
  9906 | D:10     | Found a staircase to the Orcish Mines.
 10029 | D:10     | Killed a two-headed ogre
 10111 | D:11     | Reached skill level 11 in Maces & Flails
 10343 | D:11     | Noticed a two-headed ogre
 10351 | D:11     | Noticed a boulder beetle
 10353 | D:11     | Killed a two-headed ogre
 10365 | D:11     | Killed a boulder beetle
 10365 | D:11     | Received a gift from Okawaru
 10569 | Lair:1   | Entered Level 1 of the Lair of Beasts
 10859 | Lair:1   | Noticed Maggie
 10879 | Lair:1   | Killed Maggie
 11491 | Lair:2   | Reached ****** piety under Okawaru
 11518 | Lair:2   | Noticed Gastronok
 11536 | Lair:2   | Killed Gastronok
 11537 | Lair:2   | Reached skill level 12 in Maces & Flails
 11592 | Lair:2   | Noticed a seven-headed hydra
 11599 | Lair:2   | Killed a seven-headed hydra
 11600 | Lair:2   | Reached skill level 10 in Fighting
 11600 | Lair:2   | Reached XP level 13. HP: 70/82 MP: 19/19
 11905 | Lair:2   | Reached skill level 10 in Armour
 11905 | Lair:2   | Reached skill level 10 in Shields
 11939 | Lair:2   | Identified the +0 helmet "Hiangah" {Drain *Slow Regen+
                  | Stlth+}
 12429 | Lair:3   | Found a staircase to the Swamp.
 12454 | Lair:3   | Noticed Amaemon
 12468 | Lair:3   | Killed Amaemon
 12558 | Lair:3   | Received a gift from Okawaru
 12794 | Lair:3   | Found a hole to the Spider Nest.
 12843 | Lair:3   | Reached skill level 13 in Maces & Flails
 13056 | Lair:3   | Reached skill level 10 in Invocations
 13148 | Lair:3   | Found a shadowy altar of Dithmenos.
 13375 | Lair:4   | Identified the +0 storm dragon scales "Koodiw" {rElec Str-4
                  | Int-2 Dex+5} (Okawaru gifted it to you on level 4 of the
                  | Lair of Beasts)
 13375 | Lair:4   | Received a gift from Okawaru
 13497 | Lair:4   | Found a staircase to the Slime Pits.
 13497 | Lair:4   | Found a viscous altar of Jiyva.
 13539 | Lair:4   | Noticed Urug
 13562 | Lair:4   | Killed Urug
 14180 | Lair:5   | Entered Level 5 of the Lair of Beasts
 14238 | Lair:5   | Gained mutation: Your large and strong wings let you fly.
                  | [Gargoyle growth]
 14238 | Lair:5   | Reached XP level 14. HP: 90/90 MP: 21/21
 14444 | Lair:5   | Found a gate leading to a gauntlet.
 14453 | Gauntlet | Entered a Gauntlet
 14453 | Gauntlet | Found a transporter.
 14453 | Gauntlet | Found a transporter.
 14454 | Gauntlet | Found a transporter.
 14454 | Gauntlet | Found a transporter.
 14457 | Gauntlet | Found a transporter.
 14457 | Gauntlet | Found a transporter.
 14467 | Gauntlet | Found a transporter.
 14471 | Gauntlet | Found a transporter.
 14481 | Gauntlet | Found a transporter.
 14492 | Gauntlet | Found a transporter.
 14513 | Gauntlet | Found a transporter.
 14515 | Gauntlet | Found a transporter.
 14515 | Gauntlet | Found the +3 Mad Mage's Maulers {Infuse+∞ RegenMP Int-3}
 14663 | Gauntlet | Reached skill level 14 in Maces & Flails
 14697 | Gauntlet | Identified the ring of Erenew {AC+4 Str+4}
 14733 | Gauntlet | Identified the +1 pair of boots of Faerpha {rElec rCorr}
 14915 | Lair:5   | Identified the +2 pair of boots "Falai" {+Inv Fly Dex-4}
                  | (Okawaru gifted it to you on level 5 of the Lair of Beasts)
 14915 | Lair:5   | Received a gift from Okawaru
 15906 | Lair:5   | Identified the +3 swamp dragon scales "Ibram" {Fly rPois
                  | Int+3}
 16052 | Lair:5   | Found a corrupted altar of Lugonu.
 16052 | Lair:5   | Found a one-way gate to the infinite horrors of the Abyss.
 16421 | D:12     | Reached skill level 15 in Maces & Flails
 16613 | D:12     | Received a gift from Okawaru
 16771 | D:12     | Reached XP level 15. HP: 86/96 MP: 22/22
 17126 | D:13     | Noticed Jorgrun
 17150 | D:13     | Killed Jorgrun
 17756 | D:14     | Found Faemm's Distillery.
 17796 | D:14     | Bought a potion of haste for 170 gold pieces
 17796 | D:14     | Bought a potion of curing for 51 gold pieces
 17796 | D:14     | Bought a potion of curing for 51 gold pieces
 17796 | D:14     | Bought a potion of curing for 51 gold pieces
 17879 | D:14     | HP: 1/97 [meliai/divine providence (11)]
 17881 | D:14     | Killed from afar by a meliai

Illustrated notes

Levels and vault maps discovered:
D:1:      dpeg_arrival_houses_and_road, layout_loops_ring
D:2:      layout_basic, serial_park_tiny_2
D:3:      layout_loops_ring, mainiacjoe_overflow_cross_hatched,
          ebering_ghost_inner_flame, kennysheep_generic_room_12, uniq_terence
D:4:      layout_gridville, mainiacjoe_overflow_concentric_impassable,
          nicolae_overflow_hidden_temple, minmay_tree_intersection,
          minmay_unequal, uniq_duvessa
D:5:      layout_cave_pods, grunt_dithmenos_shadows,
          minmay_temple_entry_glassed_door
D:6:      kennysheep_slugbush, layout_loops_ring, amcnicky_altar_gilded,
          small_statue_intersection, uniq_prince_ribbit1, uniq_edmund
D:7:      layout_layer_cave, nicolae_overflow_quartered_altars,
          makhleb_grotto_becter, enter_bailey_4, minivault_4
D:8:      layout_loops_ring, due_lair_maze_entry_diamond
D:9:      layout_roguey
D:10:     layout_loops_ring, hiddenorc1_lemuel, serial_shops,
          nicolae_shop_statue_plus, hangedman_incinerator, uniq_grum,
          uniq_harold
D:11:     layout_basic, fountainhead
D:12:     layout_big_octagon, serial_park, serial_park_square3
          [serial_park_minivault_5x5_6], serial_park_tiny_pond,
          serial_park_paths [serial_park_minivault_5x5_3], serial_park_square3
          [serial_park_minivault_5x5_8], grunt_decor_cap
D:13:     layout_basic, uniq_jorgrun
D:14:     layout_loops_ring, david_vaults_1, nicolae_sif_muna_condensation,
          serial_shops, shop_statue, shop, nicolae_shop_bloodbath_and_beyond,
          nicolae_lakefront_shop, nicolae_shop_statue_plus, nzn_life_drinkers
Temple:   nicolae_temple_bog_church
Lair:1:   layout_regular_city, grunt_megastairs_3, infiniplex_staircase_pool_2,
          uniq_maggie
Lair:2:   layout_small_grid, uniq_gastronok
Lair:3:   layout_chaotic_city, skrybe_swamp_entry_bodies,
          spider_nest_entry_funnel_web, basic_altar, serial_bayou_pond_a,
          nicolae_lair_run_with_the_wolves, grunt_megastairs_4,
          infiniplex_staircase_pool, uniq_amaemon
Lair:4:   layout_long_grid, minmay_slime_entry_pillars, uniq_urug
Lair:5:   hellmonk_lair_end_abyssal_woods, layout_cave_pods,
          gauntlet_entry_generic, serial_bayou_shore_a

Skill      XL: |  1  2  3  4  5  6  7  8  9 10 11 12 13 14 |
---------------+-------------------------------------------+-----
Invocations    | 1 2 3 4 5 6 7 9 10 | 10.0
Dodging        | 1 2 3 4 5 |  5.0
Maces & Flails | 3 4 5 6 7 9 10 12 13 15 | 15.6
Fighting       | 4 5 6 7 8 10 11 12 | 12.6
Armour         | 4 5 6 7 8 9 11 12 | 12.5
Shields        | 4 5 6 7 8 9 11 12 | 12.5

Action                   |  1- 3 |  4- 6 |  7- 9 | 10-12 | 13-15 || total
-------------------------+-------+-------+-------+-------+-------++-------
Melee: Flail             |     8 |       |       |       |       ||     8
       Hand axe          |    21 |       |       |       |       ||    21
       Whip              |    66 |   131 |   410 |   935 |   959 ||  2501
       Demon whip        |       |       |       |       |   255 ||   255
Throw: Dart              |       |       |    12 |     5 |     6 ||    23
       Boomerang         |       |       |     4 |     9 |       ||    13
Invok: Heroism           |       |       |     1 |    10 |    12 ||    23
       Finesse           |       |       |       |     2 |     7 ||     9
Evoke: Wand              |       |       |       |     4 |     6 ||    10
  Use: Potion            |     1 |       |     2 |     5 |     6 ||    14
       Scroll            |     3 |     2 |     5 |    16 |     9 ||    35
 Stab: Invisible         |       |       |     1 |       |     1 ||     2
       Distracted        |       |       |       |     1 |       ||     1
       Paralysed         |       |       |       |       |     1 ||     1
Armor: Scale mail        |    36 |    16 |       |       |       ||    52
       Chain mail        |       |    32 |    78 |       |       ||   110
       Plate armour      |       |       |   136 |    18 |       ||   154
       Ring mail         |       |       |       |   314 |   549 ||   863
Dodge: Dodged            |    39 |    38 |   107 |   337 |   463 ||   984
Block: Buckler           |    20 |    23 |   118 |   245 |   551 ||   957
       Reflection        |       |       |       |       |    20 ||    20

Table legend: (Time is in decaauts)
 A = Elapsed time spent in this place.
 B = Non-inter-level travel time spent in this place.
 C = Inter-level travel time spent in this place.
 D = Time resting spent in this place.
 E = Time spent auto-exploring this place.
 F = Levels seen in this place.
 G = Mean time per level.
                   A        B        C        D        E       F      G
               +--------+--------+--------+--------+--------+-----+--------+
         Total |  16799 |  16009 |    790 |    806 |  11215 |  22 |  763.6 |
       Dungeon |  11256 |  10665 |    591 |    708 |   7355 |  14 |  804.0 |
        Temple |    195 |    179 |     16 |      0 |    166 |   1 |  195.0 |
          Lair |   4726 |   4544 |    182 |     92 |   3415 |   5 |  945.2 |
        Bailey |    283 |    283 |      0 |      0 |    126 |   1 |  283.0 |
      Gauntlet |    337 |    337 |      0 |      6 |    151 |   1 |  337.0 |
               +--------+--------+--------+--------+--------+-----+--------+

Top non-repeatable levels by time:
     D:7: 1416 daAuts
  Lair:5: 1380 daAuts
    D:10: 1042 daAuts
     D:5: 974 daAuts
     D:8: 899 daAuts
     D:2: 890 daAuts
  Lair:3: 879 daAuts
     D:4: 875 daAuts
     D:3: 838 daAuts
  Lair:2: 823 daAuts
  Lair:1: 823 daAuts
     D:6: 822 daAuts
  Lair:4: 820 daAuts
     D:1: 807 daAuts
     D:9: 698 daAuts
